cohdb
Replays
Latest Replays
All Replays
Popular Replays
Top Player Replays
Match Explorer
How It Works
Community
CoH3 Stats
Reddit
Sign in to upload your games and track your stats! →
Sign in with Steam
Match 42611909
Unlisted
Match 42611909
Overview
Messages
Build Orders
End
Kradschützen Motorcycle Team
Selects Italian Infantry
Panzergrenadier Squad
Panzergrenadier Squad
Construct Light Support Kompanie
MG34 Team
Construct Mechanized Kompanie
Selects Guastatori Squad
MrGlaucus
YO BOY ANT
Monkey Master of Monkeys
trea
Jonesy
A2O
iPlayThisNaked
.
0
0
Comments
sign in to comment!
No comments posted yet!